AoeStats
← JuL10SSJ

Arena

510093950Analyzed
1v1 RM · 2d ago on Sep 29, 2026· 32m 41s· 2 players
Game mode
Random Map
Map size
Tiny (2 player)
Population
200
Speed
Normal
Resources
Standard
Victory
Conquest
Starting age
Dark Age
Ending age
Imperial Age
RankedLock teamsTeams togetherTeam positionsShared explorationLock speedFull tech treeHidden civsTurbo modeCheats
Victory
Defeat
🇬🇧 Turks · United Kingdom
922
+17
🇨🇱 Varangians · Chile
954
-17
CastleInYourFace
12:10 Feudal Age
14:12 Double-Bit Axe
16:32 Castle Age
20:39 Imperial Age
21:58 Gold Mining
27:43 Bloodlines
JuL10SSJ
7:34 Loom
10:58 Feudal Age
16:12 Castle Age
14:43 Double-Bit Axe
14:48 Horse Collar
17:44 Gambesons
21:51 Elite Skirmisher
22:25 Fletching
24:23 Heavy Plow
25:41 Bloodlines
26:23 Husbandry
26:06 Light Cavalry
27:07 Bodkin Arrow
27:13 Padded Archer Armor
Connection lost

Rejoining the realm…

Still unreachable

The connection could not be restored.

Session expired

The server has moved on; the page needs a fresh start.